 Dungeon Crawl Stone Soup version 0.20.0-7-g3b7b877 (webtiles) character file.

121 MTVSty1e the Ruffian (level 4, 0/46 HPs)
             Began as a Draconian Transmuter on May 29, 2017.
             Succumbed to a worker ant's poison
             ... on level 4 of the Dungeon.
             The game lasted 00:04:35 (1830 turns).

MTVSty1e the Ruffian (Draconian Transmuter)         Turns: 1830, Time: 00:04:36

Health: 0/46       AC: 22    Str: 13    XL:     4   Next: 77%
Magic:  7/7        EV:  2    Int: 17    God:
Gold:   151        SH:  0    Dex: 11    Spells: 4/7 levels left

rFire    + . .     SeeInvis .     - Unarmed
rCold    . . .     Gourm    .   (no shield)
rNeg     + + +     Faith    .   (armour unavailable)
rPois    +         Spirit   .   (helmet currently unavailable)
rElec    .         Reflect  .   (cloak currently unavailable)
rCorr    .         Harm     +   (gloves currently unavailable)
MR       +....     Rnd*Rage +   (boots currently unavailable) Stlth ++........NoTele +
                                j - amulet of harm
Regen    0.2/turn               o - +3 ring of intelligence
MPRegen  0.1/turn               p - ring of protection from fire

@: lethally poisoned (0 -> -7), tree-form, invisible
A: unfitting armour, berserk 1, frail 1, magic resistance 1, AC +5
a: no special abilities


You were on level 4 of the Dungeon.
You were not hungry.
You were a tree.
You visited 1 branch of the dungeon, and saw 4 of its levels.

You collected 151 gold pieces.

Inventory:

Missiles
 a - 24 arrows
Armour
 m - a +0 pair of boots (melded)
 r - a +0 cloak (melded)
Jewellery
 j - an amulet of harm (around neck)
 o - a +3 ring of intelligence (left branch)
 p - a ring of protection from fire (right branch)
Wands
 q - a wand of random effects (30/48)
Scrolls
 g - 4 scrolls of remove curse {unknown}
 l - a scroll of noise {unknown}
 n - 2 scrolls of enchant armour {unknown}
Potions
 f - a potion of curing {unknown}
 h - a potion of agility
 i - a potion of resistance {unknown}
 k - a potion of mutation
 s - a potion of berserk rage {unknown}
Books
 b - a book of Changes

   Spells                             Type                      Level
   a - Beastly Appendage              Transmutation                1
   b - Sticks to Snakes               Transmutation                2
   c - Spider Form                    Transmutation/Poison         3
   d - Ice Form                       Ice/Transmutation            4
   e - Blade Hands                    Transmutation                5
Comestibles
 c - 5 bread rations


   Skills:
 + Level 1.2 Fighting
 - Level 1.7 Dodging
 + Level 1.2 Stealth
 + Level 5.3 Unarmed Combat
 - Level 2.0 Spellcasting
 - Level 2.0 Transmutations


You had 4 spell levels left.
You knew the following spells:

 Your Spells              Type           Power        Failure   Level  Hunger
a - Beastly Appendage     Tmut           #.....       9%          1    #......
b - Sticks to Snakes      Tmut           #.......     13%         2    ###....


Dungeon Overview and Level Annotations

Branches:
Dungeon (4/15)
 Temple: D:4-7

Altars:

Annotations:
D:3 Natasha, Sigmund


Innate Abilities, Weirdness & Mutations

((Your plain brown scales are hard. (AC +5)))
You cannot fit into any form of body armour.
((You are cold-blooded and may be slowed by cold attacks.))
You tend to lose your temper in combat.
You are frail. (-10% HP)
You are resistant to hostile enchantments. (MR+)
((Your system is resistant to poisons. (rPois)))


Message History

The jackal bites you but does no damage. x2
It was a potion of lignification.
You turn into a tree.
Your +0 cloak melds into your body.
Your +0 pair of boots melds into your body.
Your roots penetrate the ground.
* * * LOW HITPOINT WARNING * * *
You feel sick.
The jackal bites you but does no damage.
You completely miss the jackal.
* * * LOW HITPOINT WARNING * * *
You feel sick.
The jackal bites you but does no damage.
You smack the jackal!
You kill the jackal!
* * * LOW HITPOINT WARNING * * *
You feel sick.
Okay, then.
It was a potion of invisibility.
You fade into invisibility!
You die...

#########
......†.#
.......♣#
......#.#
..... ..#
.... ...#
... ....#
## #+#..#
####


There were no monsters in sight!

Vanquished Creatures
  Crazy Yiuf (D:2)
  3 adders (D:2)
  2 oozes (D:2)
  A worm (D:2)
  2 giant cockroaches
  9 goblins
  5 hobgoblins
  4 jackals
  3 ball pythons
  5 bats
  5 frilled lizards
  10 kobolds
  6 rats
56 creatures vanquished.

Notes
Turn   | Place    | Note
-------+----------+-------------------------------------------
     0 | D:1      | MTVSty1e the Draconian Transmuter began the quest for the Orb.
     0 | D:1      | Reached XP level 1. HP: 16/16 MP: 3/3
   307 | D:1      | Reached XP level 2. HP: 19/23 MP: 3/5
   845 | D:2      | Learned a level 2 spell: Sticks to Snakes
   861 | D:2      | Reached skill level 4 in Unarmed Combat
   861 | D:2      | Reached XP level 3. HP: 11/28 MP: 4/6
  1493 | D:2      | Reached XP level 4. HP: 35/35 MP: 5/7
  1506 | D:2      | Reached skill level 1 in Stealth
  1638 | D:2      | Found a runed door.
  1643 | D:2      | Noticed Crazy Yiuf
  1653 | D:2      | Killed Crazy Yiuf
  1653 | D:2      | Reached skill level 5 in Unarmed Combat
  1809 | D:3      | Noticed Natasha
  1818 | D:3      | Noticed Sigmund
  1826 | D:4      | Gained mutation: You are resistant to hostile enchantments. (MR+) [potion of mutation]
  1826 | D:4      | Gained mutation: You are frail. (-10% HP) [potion of mutation]
  1826 | D:4      | Gained mutation: You tend to lose your temper in combat. [potion of mutation]
  1826 | D:4      | Gained mutation: Your system is resistant to poisons. (rPois) [potion of mutation]
  1828 | D:4      | HP: 2/46 [poisoned by a worker ant]
  1830 | D:4      | Succumbed to a worker ant's poison

Skill      XL: |  1  2  3  4 |
---------------+-------------+-----
Unarmed Combat | 4 5 |  5.3
Stealth        | 1 |  1.2
Fighting       | |  1.2
Dodging        | |  1.7
Spellcasting   | |  2.0
Transmutations | |  2.0

Action                   |  1- 3 |  4- 6 || total
-------------------------+-------+-------++-------
Melee: Unarmed           |   133 |    39 ||   172
       Kick              |     9 |       ||     9
       Tailslap          |     5 |     6 ||    11
       Punch             |     2 |     1 ||     3
       Headbutt          |     4 |     3 ||     7
 Cast: Beastly Appendage |    19 |     7 ||    26
  Use: Potion            |     1 |     3 ||     4
 Stab: Sleeping          |     1 |       ||     1
  Eat: Meat ration       |     1 |       ||     1
Armor: Skin              |    57 |    16 ||    73
Dodge: Dodged            |    97 |    30 ||   127
